 Dungeon Crawl Stone Soup version 0.23-a0-550-g7de1f8e (webtiles) character file.

1535 Geeful the Digger (level 8, -6/46 HPs)
             Began as an Octopode Earth Elementalist on Dec 9, 2018.
             Was a Believer of Nemelex Xobeh.
             Mangled by a wyvern (12 damage)
             ... summoned by the player character
             ... on level 6 of the Dungeon.
             The game lasted 00:21:47 (6542 turns).

Geeful the Digger (Octopode Earth Elementalist)     Turns: 6542, Time: 00:21:48

Health: -6/46      AC:  1    Str:  7    XL:     8   Next: 86%
Magic:  15/15      EV: 15    Int: 20    God:    Nemelex Xobeh [**....]
Gold:   311        SH:  0    Dex: 12    Spells: 2/17 levels left

rFire    x . .     SeeInvis .   a - +3 dagger (venom)
rCold    + . .     Gourm    .   (no shield)
rNeg     . . .     Faith    .   (helmet restricted)
rPois    .         Spirit   .   (no amulet)
rElec    .         Reflect  .   r - ring of ice
rCorr    .         Harm     .   (no ring)
MR       .....                  (no ring)
Stlth    ++++......             (no ring)
HPRegen  0.15/turn              (no ring)
MPRegen  0.14/turn              (no ring)
                                (no ring)
                                (no ring)

@: no status effects
A: almost no armour, stealthy swim, amphibious, 8 rings, constrict 8, camouflage
1, gelatinous body 1
a: Renounce Religion


You were on level 6 of the Dungeon.
You worshipped Nemelex Xobeh.
Nemelex Xobeh was pleased with you.
You were not hungry.

You visited 2 branches of the dungeon, and saw 7 of its levels.
You also visited: Sewer.

You collected 395 gold pieces.
You spent 84 gold pieces at shops.

Inventory:

Hand Weapons
 a - a +3 dagger of venom (weapon)
 b - a +3 dagger of chaos
 g - a +0 whip
 h - a +0 short sword
Missiles
 q - 105 stones (quivered)
 x - 68 poisoned needles
Jewellery
 r - a ring of ice (left tentacle)
Scrolls
 e - 2 scrolls of enchant weapon
 f - 4 scrolls of identify
 k - 4 scrolls of fog
 l - 5 scrolls of teleportation
 o - a scroll of amnesia
 p - 2 scrolls of random uselessness
 t - 2 scrolls of remove curse
 y - a scroll of blinking
 B - a scroll of immolation
Potions
 d - 2 potions of flight
 i - 4 potions of heal wounds
 j - a potion of cancellation
 m - a potion of resistance {unknown}
 n - 3 potions of might
 s - 2 potions of brilliance
 u - 3 potions of curing
 v - a potion of haste {unknown}
 A - a potion of agility {unknown}
Miscellaneous
 w - a plain deck of escape
 z - a plain deck of summoning {drawn: 3}
 D - a plain deck of escape
Comestibles
 c - 6 rations
 C - 14 chunks of flesh


   Skills:
 + Level 5.6 Dodging
 - Level 5.2 Stealth
 + Level 5.2 Spellcasting
 - Level 1.0 Transmutations
 + Level 6.1 Earth Magic
 + Level 4.5 Invocations


You had 2 spell levels left.
You knew the following spells:

 Your Spells              Type           Power        Failure   Level  Hunger
a - Sandblast             Erth           ####..       1%          1    None
b - Passwall              Tmut/Erth      ###.....     4%          2    None
c - Stone Arrow           Conj/Erth      ###...       10%         3    ##.....
d - Petrify               Tmut/Erth      ###.....     26%         4    ####...
e - Lee's Rapid Deconstr  Erth           ####......   26%         5    #####..

Your spell library contained the following spells:

 Spells                   Type           Power        Failure   Level  Hunger


Dungeon Overview and Level Annotations

Branches:
Dungeon (6/15)             Temple (1/1) D:4

Altars:
Ashenzari
Cheibriados
Dithmenos
Elyvilon
Fedhas
Gozag
Kikubaaqudgha
Makhleb
Nemelex Xobeh
Qazlal
Ru
Trog
Vehumet
Wu Jian
Xom
Yredelemnul
Zin
The Shining One

Shops:
D:4 ?

Annotations:
D:3 3 runed doors, Greg's ghost, weakling SpAs


Innate Abilities, Weirdness & Mutations

You cannot wear most types of armour.
You are very stealthy in the water. (Stealth+)
You are amphibious.
You can wear up to eight rings at the same time.
You can use your tentacles to constrict eight enemies at once.
Your skin changes colour to match your surroundings (Stealth+).
Your rubbery body absorbs attacks. (AC +1, EV +1)


Message History

t - Shout!
Orders for allies: a - Attack new target. r - Retreat! s - Stop attacking. g - Guard the area. f - Follow me.
Anything else - Cancel.
Gang up on whom?
Press: ? - help, Dir - move target cursor, f - wyvern
Aim: a wyvern (summoned) Attack!
Your wyvern bites the wyvern but does no damage.
The centaur shoots an arrow.
The arrow misses you.
Geeful's illusion closely misses the wyvern.
Your wyvern bites the wyvern.
Your wyvern bites the wyvern but does no damage.
The wyvern bites you!
* * * LOW HITPOINT WARNING * * *
Your wyvern bites the wyvern!
Geeful's illusion hits the wyvern.
The wyvern is poisoned.
The wyvern bites you!
You die...
Your body glows slightly and disappears.

..........................
.....#########...........(
.....'.......#........#
.....#.......#...)รท...+
######.......+........#
#.......#...c....#
##.......#.l@.....#
#........#.ll.....#
#........+..@.....#
#........#..(.....#
######.......#........#
.....#.......#.(......#
.....####'####........#
......................#
..............###'#####
..............#.......#
............#+#.......#


You could see a wyvern, a centaur, 2 friendly wyverns and the friendly Geeful's
illusion.

Vanquished Creatures
  An ice beast (D:6)
  2 phantoms
  A centaur (D:6)
  3 bullfrogs (D:6)
  2 water moccasin skeletons
  A scorpion (D:6)
  4 crimson imps
  A howler monkey (D:5)
  Crazy Yiuf (D:4)
  3 hounds
  3 orc priests
  3 orc wizards
  An iguana (D:4)
  4 worker ants (D:4)
  9 adders
  A howler monkey skeleton (D:4)
  An ooze (D:3)
  2 worms
  2 dart slugs
  2 leopard geckos
  14 orcs
  12 giant cockroaches
  10 hobgoblins
  14 jackals
  2 quokkas
  4 ball pythons
  6 bats
  9 frilled lizards
  2 gnoll zombies (D:5)
  5 goblins
  5 kobolds
  8 rats
138 creatures vanquished.

Vanquished Creatures (collateral kills)
  2 orc wizards (D:6)
2 creatures vanquished.

Vanquished Creatures (others)
  An orc wizard (D:6)
1 creature vanquished.

Grand Total: 141 creatures vanquished

Notes
Turn   | Place    | Note
-------+----------+-------------------------------------------
     0 | D:1      | Geeful the Octopode Earth Elementalist began the quest for
                  | the Orb.
     0 | D:1      | Reached XP level 1. HP: 11/11 MP: 3/3
   421 | D:1      | Reached XP level 2. HP: 17/17 MP: 1/5
  1134 | D:1      | Reached XP level 3. HP: 18/21 MP: 6/6
  1462 | D:1      | Learned a level 2 spell: Passwall
  1466 | D:1      | Learned a level 3 spell: Stone Arrow
  1845 | D:2      | Reached XP level 4. HP: 24/27 MP: 5/7
  2075 | D:2      | Found a burning altar of Makhleb.
  2532 | D:3      | Reached XP level 5. HP: 31/31 MP: 7/9
  2666 | D:3      | Found a shimmering altar of Xom.
  2718 | D:3      | Reached skill level 4 in Earth Magic
  2739 | D:3      | Found a glowing drain.
  2767 | Sewer    | Entered a sewer
  2865 | Sewer    | Reached XP level 6. HP: 36/36 MP: 10/10
  3468 | D:3      | Reached skill level 5 in Stealth
  3608 | D:3      | Found a runed gate.
  3609 | D:3      | Found a runed gate.
  3609 | D:3      | Found a runed gate.
  3611 | D:3      | Noticed Greg's ghost (weakling SpAs)
  3653 | D:3      | Found a radiant altar of Vehumet.
  3654 | D:3      | Found a bloodstained altar of Trog.
  3654 | D:3      | Found an ornate altar of the Wu Jian Council.
  4042 | D:4      | Found a staircase to the Ecumenical Temple.
  4072 | Temple   | Entered the Ecumenical Temple
  4081 | Temple   | Became a worshipper of Nemelex Xobeh the Trickster
  4119 | D:4      | Received a gift from Nemelex Xobeh
  4150 | D:4      | Reached skill level 1 in Invocations
  4164 | D:4      | Found a shadowy altar of Dithmenos.
  4168 | D:4      | Noticed a phantom
  4191 | D:4      | Killed a phantom
  4191 | D:4      | Reached XP level 7. HP: 41/41 MP: 4/12
  4391 | D:4      | Reached skill level 5 in Earth Magic
  4662 | D:4      | Received a gift from Nemelex Xobeh
  4722 | D:4      | Reached * piety under Nemelex Xobeh
  4738 | D:4      | Found a glowing golden altar of the Shining One.
  4864 | D:4      | Found Uclabed's Magic Scroll Boutique.
  4870 | D:4      | Bought 2 scrolls of remove curse for 84 gold pieces
  4948 | D:4      | Found a runed door.
  4952 | D:4      | Noticed Crazy Yiuf
  4956 | D:4      | Killed Crazy Yiuf
  5004 | D:5      | Entered Level 5 of the Dungeon
  5186 | D:5      | Reached XP level 8. HP: 46/46 MP: 14/14
  5192 | D:5      | Learned a level 4 spell: Petrify
  5198 | D:5      | Learned a level 5 spell: Lee's Rapid Deconstruction
  5461 | D:5      | Received a gift from Nemelex Xobeh
  5476 | D:5      | Reached skill level 5 in Dodging
  5851 | D:5      | Found a basalt altar of Yredelemnul.
  5978 | D:6      | Reached ** piety under Nemelex Xobeh
  6237 | D:6      | Reached skill level 5 in Spellcasting
  6395 | D:6      | Reached skill level 6 in Earth Magic
  6442 | D:6      | Received a gift from Nemelex Xobeh
  6467 | D:6      | Found a shattered altar of Ashenzari.
  6540 | D:6      | Noticed a wyvern
  6542 | D:6      | Mangled by a wyvern

Vault maps used:
D:1:      minmay_arrival_solitary_statue
D:2:      nicolae_overflow_hidden_temple, first_ration,
          minmay_stone_trees_small, minmay_close_crescents
D:3:      led_xom_imps, grunt_temple_overflow_open, gup_sewer_entry_glass,
          ebering_ghost_rock_garden
D:4:      lemuel_doored_altar, minmay_temple_entry_arrows, serial_shops,
          shop_statue, grunt_dithmenos_smoke_and_mirrors,
          uniq_crazy_yiuf_cottage
D:5:      lemuel_zombie_altar_yredelemnul, chequers_garden, roderic_lattice_a
D:6:      kennysheep_mini, minmay_misc_feat_secret_circle
Temple:   cyrus_circular_temple
Sewer:    sewer_co_cracked_pipes

Skill      XL: |  1  2  3  4  5  6  7  8 |
---------------+-------------------------+-----
Stealth        | 3 4 5 |  5.2
Dodging        | 3 4 5 |  5.6
Spellcasting   | 3 4 5 |  5.2
Earth Magic    | 4 5 6 |  6.1
Invocations    | 1 3 4 |  4.5
Transmutations | |  1.0

Action                   |  1- 3 |  4- 6 |  7- 9 || total
-------------------------+-------+-------+-------++-------
Melee: Unarmed           |    24 |       |       ||    24
       Constrict         |    27 |    36 |    26 ||    89
       Tentacles         |    14 |    18 |    19 ||    51
       Whip              |    18 |       |       ||    18
       Short sword       |    39 |    75 |       ||   114
       Dagger            |       |    71 |    85 ||   156
 Cast: Sandblast         |    16 |    17 |    13 ||    46
Evoke: Deck              |       |       |     8 ||     8
  Use: Scroll            |     5 |    12 |       ||    17
       Potion            |       |     1 |     2 ||     3
 Stab: Sleeping          |     5 |    18 |    12 ||    35
       Invisible         |       |     1 |       ||     1
       Paralysed         |       |     1 |       ||     1
       Distracted        |       |       |     1 ||     1
  Eat: Chunk             |     3 |     7 |     8 ||    18
Armor: Skin              |    10 |     8 |     4 ||    22
Dodge: Dodged            |    63 |    94 |    61 ||   218

Table legend:
 A = Non-vault XP
 B = Vault XP
 C = Vault XP percentage of total XP
 D = Non-vault monster count
 E = Vault monster count
 F = Vault count percentage of total count
                 A         B        C        D         E       F
            +---------+---------+-------+---------+---------+-------
      Total |    1926 |     268 |  12.2 |     118 |      23 |  16.3
            +---------+---------+-------+---------+---------+-------
        D:1 |      49 |       0 |   0.0 |      28 |       0 |   0.0
        D:2 |      60 |       4 |   6.2 |      17 |       2 |  10.5
        D:3 |      79 |     172 |  68.5 |      26 |       8 |  23.5
        D:4 |     679 |      42 |   5.8 |      27 |       1 |   3.6
        D:5 |     379 |       2 |   0.5 |       9 |       2 |  18.2
        D:6 |     680 |       0 |   0.0 |      11 |       0 |   0.0
      Sewer |       0 |      48 | 100.0 |       0 |      10 | 100.0
            +---------+---------+-------+---------+---------+-------
